 Dungeon Crawl Stone Soup version 0.19.1-1-g22dce08 (webtiles) character file.

483 Dolanko the Cudgeler (level 7, -6/44 HPs)
             Began as a Gargoyle Fighter on Dec 29, 2016.
             Mangled by a mummy (14 damage)
             ... in an ossuary.
             The game lasted 00:06:49 (3204 turns).

Dolanko the Cudgeler (Gargoyle Fighter)             Turns: 3204, Time: 00:06:49

Health: -6/44      AC: 13    Str: 21      XL:     7   Next: 12%
Magic:  16/16      EV: 10    Int:  9      God:
Gold:   191        SH:  9    Dex:  7 (9)  Spells: 0 memorised, 6 levels left

rFire  . . .     SeeInvis .     a - +0 flail
rCold  . . .     Gourm    .     b - +0 scale mail
rNeg   + . .     Faith    .     c - +0 shield
rPois  ∞         Spirit   .     d - +0 helmet (curse)
rElec  +         Reflect  .     (no cloak)
rCorr  .         Harm     .     (no gloves)
MR     .....                    (no boots)
Stlth  ..........               (no amulet)
                                m - +3 ring of evasion
                                i - ring of magical power

@: very slightly contaminated, hasted, very quick
A: blurry vision 1, deterioration 1, negative energy resistance 1, electricity
resistance, wild magic 1, unbreathing, petrification resistance, rot immunity,
AC +4
a: no special abilities


You were in an ossuary.
You were hungry.

You visited 2 branches of the dungeon, and saw 5 of its levels.
You also visited: Ossuary.

You collected 191 gold pieces.

Inventory:

Hand Weapons
 a - a +0 flail (weapon)
Armour
 b - a +0 scale mail (worn)
 c - a +0 shield (worn)
 d - a cursed +0 helmet (worn)
Jewellery
 i - a ring of magical power (left hand)
 m - a +3 ring of evasion (right hand)
Wands
 t - a wand of teleportation (4/9)
Scrolls
 e - 2 scrolls of identify {unknown}
 h - a scroll of amnesia {unknown}
 j - 3 scrolls of remove curse {unknown}
 k - a scroll of enchant armour {unknown}
 l - a scroll of magic mapping {unknown}
 v - a scroll of recharging {unknown}
Comestibles
 f - 2 bread rations
 g - a royal jelly
 p - 2 meat rations
 r - a slice of pizza


   Skills:
 + Level 4.9 Fighting
 * Level 5.0 Maces & Flails
 + Level 4.8 Armour
 + Level 4.5 Shields


You had 6 spell levels left.
You didn't know any spells.

Dungeon Overview and Level Annotations

Branches:
Dungeon (4/15)             Temple (1/1) D:4

Altars:
Cheibriados
Dithmenos
Elyvilon
Fedhas
Gozag
Kikubaaqudgha
Okawaru
Qazlal
Ru
Sif Muna
Trog
Uskayaw
Xom
Yredelemnul
Zin
The Shining One


Innate Abilities, Weirdness & Mutations

You are resistant to torment.
Your stone body is resilient. (AC +4)
You are immune to poison.
You resist negative energy. (rN+)
You are resistant to electric shocks. (rElec)
You can survive without breathing.
You are immune to petrification.
You are immune to rotting.
Scrolls take you a little longer to read.
Your body sometimes deteriorates upon taking damage.
Your spells are a little harder to cast, but a little more powerful.


Message History

The bullfrog zombie closely misses you.
A mummy comes into view.
You hit the mummy.
You destroy the mummy!
The bullfrog zombie hits you but does no damage.
You sock the mummy!
The mummy is moderately damaged.
The bullfrog zombie hits you.
* * * LOW HITPOINT WARNING * * *
You block the adder zombie's attack. You block the mummy's attack.
You sock the mummy!
The mummy is almost destroyed.
The bullfrog zombie hits you but does no damage.
You block the adder zombie's attack.
You hit the mummy but do no damage.
The mummy is almost destroyed.
The bullfrog zombie hits you.
* * * LOW HITPOINT WARNING * * *
You block the adder zombie's attack. The mummy hits you!
You die...

## #. #'
+.
###.#####
#.'.#...#
#.M.ZZ#
#..≈#ZM@#
#≈≈≈≈#####
#≈P..
#≈##≈≈ #≈
P.≈ ≈ ###.
..


You could see 2 mummies, 2 adder zombies and a bullfrog zombie.

Vanquished Creatures
  An ogre (D:4)
  Blork the orc (D:4)
  A hound (D:3)
  3 mummies (Ossuary)
  An orc wizard (D:4)
  A worker ant (D:4)
  A killer bee zombie (Ossuary)
  Robin (D:2)
  9 adders
  2 oozes
  An adder skeleton (D:4)
  2 worms
  3 dart slugs
  A leopard gecko (D:2)
  4 orcs
  6 giant cockroaches
  16 goblins
  8 hobgoblins
  2 jackals (D:2)
  2 quokkas
  3 ball pythons
  14 bats
  2 frilled lizards
  3 kobolds
  4 rats
92 creatures vanquished.

Vanquished Creatures (others)
  An orc (D:4)
1 creature vanquished.

Grand Total: 93 creatures vanquished

Notes
Turn   | Place    | Note
-------+----------+-------------------------------------------
     0 | D:1      | Dolanko the Gargoyle Fighter began the quest for the Orb.
     0 | D:1      | Reached XP level 1. HP: 14/14 MP: 1/1
   106 | D:1      | Reached XP level 2. HP: 19/19 MP: 2/2
   704 | D:2      | Reached XP level 3. HP: 23/23 MP: 3/3
   814 | D:2      | Noticed Robin
   845 | D:2      | Reached skill level 3 in Maces & Flails
   866 | D:2      | Killed Robin
   866 | D:2      | Reached XP level 4. HP: 12/29 MP: 4/4
  1515 | D:2      | Reached XP level 5. HP: 33/33 MP: 5/5
  1871 | D:3      | Reached skill level 4 in Maces & Flails
  2255 | D:3      | Found an iron altar of Okawaru.
  2256 | D:3      | Found a hide-covered altar of Uskayaw.
  2547 | D:4      | Noticed an ogre
  2855 | D:4      | Killed an ogre
  2855 | D:4      | Reached XP level 6. HP: 36/39 MP: 6/6
  3006 | D:4      | Noticed Blork the orc
  3024 | D:4      | Killed Blork the orc
  3055 | D:4      | Found a staircase to the Ecumenical Temple.
  3065 | D:4      | Found a sand-covered staircase.
  3075 | Temple   | Entered the Ecumenical Temple
  3133 | D:4      | Found an opulent altar of Gozag.
  3153 | Ossuary  | Entered an ossuary
  3169 | Ossuary  | Reached XP level 7. HP: 39/44 MP: 7/7
  3178 | Ossuary  | Reached skill level 5 in Maces & Flails
  3186 | Ossuary  | Gained mutation: Your body sometimes deteriorates upon taking damage. [potion of mutation]
  3186 | Ossuary  | Gained mutation: Scrolls take you a little longer to read. [potion of mutation]
  3186 | Ossuary  | Gained mutation: Your spells are a little harder to cast, but a little more powerful. [potion of mutation]
  3204 | Ossuary  | Mangled by a mummy

Skill      XL: |  1  2  3  4  5  6  7 |
---------------+----------------------+-----
Maces & Flails | 3 4 5 |  5.0
Fighting       | 4 |  4.9
Armour         | 4 |  4.8
Shields        | 4 |  4.5

Action                   |  1- 3 |  4- 6 |  7- 9 || total
-------------------------+-------+-------+-------++-------
Melee: Flail             |   150 |   252 |    28 ||   430
  Use: Potion            |     2 |     5 |     4 ||    11
 Stab: Invisible         |       |     4 |       ||     4
  Eat: Chunk             |       |     8 |       ||     8
Armor: Scale mail        |    77 |   135 |    10 ||   222
       Skin              |     8 |       |       ||     8
Dodge: Dodged            |    45 |   150 |    11 ||   206
Block: Shield            |    92 |   152 |    20 ||   264
